 Dungeon Crawl Stone Soup version 0.27-a0-1189-gb8eb6cee8e (webtiles) character file.

Game seed: 2697675082407405480

18 Zonian the Skirmisher (level 2, -2/24 (28) HPs)
             Began as a Naga Fighter on May 23, 2021.
             Was a Follower of Nemelex Xobeh.
             Slain by Robin
             ... wielding a +2 whip of draining
              (3 damage)
             ... on level 2 of the Dungeon.
             The game lasted 00:01:19 (698 turns).

Zonian the Skirmisher (Naga Fighter)                 Turns: 698, Time: 00:01:20

HP:   -2/24 (28)    AC:  4    Str: 18    XL:     2   Next: 70%
MP:   2/2           EV:  5    Int:  8    God:    Nemelex Xobeh [*.....]
Gold: 48            SH:  8    Dex: 10    Spells: 1/1 levels left

rFire    . . .     SeeInvis +   a - +0 war axe
rCold    . . .     Faith    .   c - +0 kite shield
rNeg     . . .     Spirit   .   b - +0 scale mail
rPois    +         Reflect  .   (no helmet)
rElec    .         Harm     .   (no cloak)
rCorr    .         Rampage  .   (no gloves)
Will     .....                  (no barding)
Stlth    ..........             (no amulet)
HPRegen  0.08/turn              (no ring)
MPRegen  0.08/turn              (no ring)

@: short of breath, heavily drained, very slow
A: AC +0, large, see invisible, deformed body, poison resistance, slowness 2,
spit poison 1, naga tail 1
a: Spit Poison, Renounce Religion, Draw Escape, Draw Destruction, Draw Summoning


You were on level 2 of the Dungeon.
You worshipped Nemelex Xobeh.
Nemelex Xobeh was aware of your devotion.
You visited 1 branch of the dungeon, and saw 2 of its levels.

You collected 48 gold pieces.

Inventory:

Hand Weapons
 a - a +0 war axe (weapon)
Armour
 b - a +0 scale mail (worn)
 c - a +0 kite shield (worn)
Jewellery
 j - a ring of fire
Scrolls
 e - a scroll of fear {unknown}
 i - 2 scrolls of acquirement {unknown}
 k - a scroll of identify {unknown}
 l - a scroll of noise {unknown}
Potions
 d - a potion of might
 f - 2 potions of attraction {unknown}
 g - a potion of lignification {unknown}
 h - a potion of mutation {unknown}


   Skills:
 + Level 3.3 Fighting
 + Level 2.1 Axes
 + Level 2.5 Armour
 + Level 2.7 Shields


You had one spell level left.
You didn't know any spells.
Your spell library contained the following spells:

 Spells                   Type           Power      Damage    Failure   Level
 Summon Small Mammal      Summ           0%         N/A       99%         1
 Call Imp                 Summ           0%         N/A       100%        2
 Call Canine Familiar     Summ           0%         N/A       100%        3
 Summon Guardian Golem    Hex/Summ       0%         N/A       100%        3
 Summon Ice Beast         Ice/Summ       0%         N/A       100%        4
 Summon Lightning Spire   Summ/Air       0%         N/A       100%        4


Dungeon Overview and Level Annotations

Branches:
Dungeon (2/15)

Altars:
Nemelex Xobeh

Annotations:
D:2 Robin


Innate Abilities, Weirdness & Mutations

Your serpentine skin is tough. (AC +0)
You have supernaturally acute eyesight. (SInv)
Armour fits poorly on your strangely shaped body.
Your system is resistant to poisons. (rPois)
You cover ground very slowly.
You can spit poison.
You have a snake-like lower body.


Message History

The goblin is blasted with sand.
The goblin looks sleepy for a second.
The goblin's magical effects unravel!
The goblin seems to slow down.
Sparks fly from the goblin's hands!
You kill the goblin!
You feel a surge of magic. Robin throws the goblin at you!
Unknown command.
You completely miss Robin.
Robin is heavily wounded.
You hit the goblin.
You kill the goblin!
Robin hits you with a +2 whip of draining.
You feel drained.
Unknown command.
You closely miss Robin.
Robin is heavily wounded.
Robin barely misses you.
Robin roars a battlecry!
The goblin goes into a battle-frenzy!
Unknown command.
Press: ? - help, Shift-Dir - straight line, f - Robin
Aim: Robin, wielding a +2 whip of draining, wearing a +0 animal skin and wearing a +0 helmet (heavily wounded)
The splash of poison misses Robin.
The splash of poison hits the goblin.
The goblin is poisoned.
You kill the goblin!
Robin hits you with a +2 whip of draining!
* * * LOW HITPOINT WARNING * * *
You feel drained.
* * * LOW HITPOINT WARNING * * *
Unknown command.
You barely miss Robin.
Robin is heavily wounded.
Robin hits you with a +2 whip of draining.
* * * LOW HITPOINT WARNING * * *
You feel drained. You block Robin's attack.
Unknown command.
You barely miss Robin.
Robin is heavily wounded.
Robin hits you with a +2 whip of draining.
You die...
Your body glows slightly and disappears.

..#
###########.#
.)...)g@).#.#
#########.#.#
#.#.# #.#.#
##.#.########
#....<.......
#.#.#.########
...............
###.#.#.#######


You could see Robin.

Vanquished Creatures
  A ball python (D:1)
  2 bats (D:1)
  An endoplasm (D:1)
  6 goblins
  2 hobgoblins (D:2)
  A quokka (D:1)
  A rat (D:1)
14 creatures vanquished.

Notes
Turn   | Place    | Note
-------+----------+-------------------------------------------
     0 | D:1      | Zonian the Naga Fighter began the quest for the Orb.
     0 | D:1      | Reached XP level 1. HP: 21/21 MP: 1/1
   265 | D:1      | Reached XP level 2. HP: 27/28 MP: 2/2
   499 | D:1      | Found a faded altar of an unknown god.
   504 | D:1      | Became a worshipper of Nemelex Xobeh the Trickster
   504 | D:1      | Reached * piety under Nemelex Xobeh
   504 | D:1      | Received a gift from Nemelex Xobeh
   680 | D:2      | Noticed Robin
   697 | D:2      | HP: 1/25 [Robin/+2 whip of draining (1)]
   698 | D:2      | Slain by Robin

Illustrated notes

Levels and vault maps discovered:
D:1:      lightli_arrival_maybe_door_vault, layout_rooms,
          shapermc_ecumenical_altar_mp_urbaneastern, minivault_25, hex_large,
          chequers_arboretum
D:2:      layout_loops_ring, serial_shops, shop, minmay_misc_feat_iff,
          uniq_robin

Action                   || total
-------------------------++-------
Melee: War axe           ||    48
Invok: Draw Destruction  ||     1
 Abil: Spit Poison       ||     3
Armor: Scale mail        ||    22
Dodge: Dodged            ||    20
Block: Kite shield       ||    27

Table legend: (Time is in decaauts)
 A = Elapsed time spent in this place.
 B = Non-inter-level travel time spent in this place.
 C = Inter-level travel time spent in this place.
 D = Time resting spent in this place.
 E = Time spent auto-exploring this place.
 F = Levels seen in this place.
 G = Mean time per level.
                   A        B        C        D        E       F      G
               +--------+--------+--------+--------+--------+-----+--------+
         Total |    941 |    902 |     39 |      0 |    762 |   2 |  470.5 |
       Dungeon |    941 |    902 |     39 |      0 |    762 |   2 |  470.5 |
               +--------+--------+--------+--------+--------+-----+--------+

Top non-repeatable levels by time:
     D:1: 901 daAuts
     D:2: 39 daAuts
